 Dungeon Crawl Stone Soup version 0.27.1-33-g824d729ab1 (webtiles) character file.

Game seed: 15510938196975958167

60 sking99 the Ruffian (level 3, -2/30 HPs)
             Began as a Draconian Transmuter on Dec 9, 2021.
             Slain by an iguana (8 damage)
             ... on level 3 of the Dungeon.
             The game lasted 00:03:47 (1992 turns).

sking99 the Ruffian (Draconian Transmuter)          Turns: 1992, Time: 00:03:47

Health: -2/30      AC:  9    Str: 13    XL:     3   Next: 80%
Magic:  5/6        EV: 12    Int: 13    God:
Gold:   71         SH:  0    Dex: 11    Spells: 2/6 levels left

rFire    . . .     SeeInvis .     - Unarmed
rCold    . . .     Faith    .   (no shield)
rNeg     . . .     Spirit   .   (armour unavailable)
rPois    .         Reflect  .   (helmet currently unavailable)
rElec    .         Harm     .   (no cloak)
rCorr    .         Rampage  .   (no gloves)
Will     .....                  (boots currently unavailable)
Stlth    +.........             (no amulet)
HPRegen  0.10/turn              e - +4 ring of protection
MPRegen  0.10/turn              (no ring)

@: appendages
A: horns 2, talons 2, AC +5, unfitting armour, cold-blooded
a: End Transformation


You were on level 3 of the Dungeon.
You had temporarily grown beastly horns and talons.
You visited 1 branch of the dungeon, and saw 3 of its levels.

You collected 71 gold pieces.

Inventory:

Jewellery
 e - a +4 ring of protection (left hand)
Scrolls
 a - a scroll of fear {unknown}
 f - a scroll of immolation {unknown}
 g - 2 scrolls of noise {unknown}
 h - a scroll of enchant weapon {unknown}
 i - a scroll of identify {unknown}
Potions
 b - a potion of magic {unknown}
 c - 2 potions of curing {unknown}
 d - 2 potions of mutation {unknown}


   Skills:
 - Level 2.3 Fighting
 - Level 1.7 Dodging
 - Level 4.2 Unarmed Combat
 - Level 2.0 Spellcasting
 + Level 2.0 Transmutations
 + Level 0.2 Poison Magic


You had 2 spell levels left.
You knew the following spells:

 Your Spells              Type           Power      Damage    Failure   Level
a - Beastly Appendage     Tmut           12%        N/A       11%         1
b - Spider Form           Tmut/Pois      2%         N/A       43%         3

Your spell library contained the following spells:

 Spells                   Type           Power      Damage    Failure   Level
 Wereblood                Tmut           6%         N/A       17%         2
 Ice Form                 Ice/Tmut       3%         N/A       86%         4


Dungeon Overview and Level Annotations

Branches:
Dungeon (3/15)

Altars:
The Shining One


Innate Abilities, Weirdness & Mutations

You have temporarily grown beastly horns and talons.
Your plain brown scales are hard. (AC +5)
You cannot fit into any form of body armour.
You are cold-blooded and may be slowed by cold attacks.


Message History

The endoplasm jiggles.
The endoplasm barely misses you.
You punch the endoplasm!
You kill the endoplasm!
You start resting.
HP restored.
Found 3 javelins.
You see here 3 javelins.
An iguana comes into view.
You hit the iguana but do no damage. The iguana closely misses you.
You hit the iguana.
The iguana is moderately wounded.
The iguana bites you!
You hit the iguana.
The iguana is heavily wounded.
The iguana barely misses you.
You barely miss the iguana.
The iguana is heavily wounded.
The iguana bites you!
You hit the iguana but do no damage.
The iguana is heavily wounded.
The iguana bites you!
* * * LOW HITPOINT WARNING * * *
Casting: Beastly Appendage (safe; 11% risk of failure)
Confirm with . or Enter, or press ? or * to list all spells.
You don't know that spell.
An iguana is nearby!
Casting: Beastly Appendage (safe; 11% risk of failure)
Confirm with . or Enter, or press ? or * to list all spells.
You don't know that spell.
Casting: Beastly Appendage (safe; 11% risk of failure)
Confirm with . or Enter, or press ? or * to list all spells.
You grow a pair of large bovine horns.
Your feet morph into talons.
The iguana closely misses you.
You hit the iguana but do no damage.
The iguana is heavily wounded.
You hit the iguana. You headbutt the iguana.
The iguana is severely wounded.
The iguana bites you!
You die...

♣.♣♣ #.
#. ###
♣.♣♣ # .
♣♣.♣
..#####
♣.♣♣
........
♣..♣
.........
♣♣.♣
......
♣♣.♣
......
♣..♣
......
♣@♣♣
......
♣l♣
....$.
♣.♣
......
♣.♣
......
♣.♣
##.###
..♣ # #
..♣ ...


You could see an iguana.

Vanquished Creatures
  2 adders (D:2)
  A worm (D:2)
  A dart slug (D:1)
  A ball python (D:1)
  3 endoplasms
  5 giant cockroaches
  5 hobgoblins
  2 quokkas
  2 bats (D:1)
  3 frilled lizards
  2 goblins
  7 kobolds
  A rat (D:1)
35 creatures vanquished.

Notes
Turn   | Place    | Note
-------+----------+-------------------------------------------
     0 | D:1      | sking99 the Draconian Transmuter began the quest for the
                  | Orb.
     0 | D:1      | Reached XP level 1. HP: 16/16 MP: 3/3
   209 | D:1      | Reached XP level 2. HP: 20/23 MP: 5/5
   551 | D:1      | Found a faded altar of an unknown god.
   873 | D:2      | Found a glowing golden altar of the Shining One.
   935 | D:2      | Reached XP level 3. HP: 29/29 MP: 4/6
  1070 | D:2      | Reached skill level 4 in Unarmed Combat
  1655 | D:3      | Noticed a black bear
  1673 | D:2      | Learned a level 3 spell: Spider Form
  1992 | D:3      | Slain by an iguana

Illustrated notes

Levels and vault maps discovered:
D:1:      minmay_arrival_semitransparent, layout_basic,
          ebering_ecumenical_altar_hall, dk_noncrumbling_2
D:2:      layout_basic, basic_altar
D:3:      kb_forest_paths, layout_rooms

Skill      XL: |  1  2  3 |
---------------+----------+-----
Fighting       | 2 |  2.3
Unarmed Combat | 4 |  4.2
Dodging        | |  1.7
Spellcasting   | |  2.0
Transmutations | |  2.0
Poison Magic   | |  0.2

Action                   || total
-------------------------++-------
Melee: Unarmed           ||   116
       Headbutt          ||    12
       Kick              ||     9
       Tailslap          ||     6
       Punch             ||     3
 Cast: Beastly Appendage ||    19
 Stab: Sleeping          ||     1
Armor: Skin              ||    41
Dodge: Dodged            ||    82
